 Dungeon Crawl Stone Soup version 0.29-a0-330-g52719c12eb (webtiles) character file.

Game seed: 10496243338012158223

18 magipi the Poker (level 2, 0/27 HPs)
             Began as a Minotaur Cinder Acolyte on May 28, 2022.
             Was a High Priest of Ignis.
             Slain by a kobold
             ... wielding a +4 short sword
              (7 damage)
             ... on level 1 of the Dungeon.
             The game lasted 00:01:37 (491 turns).

magipi the Poker (Minotaur Cinder Acolyte)           Turns: 491, Time: 00:01:38

Health: 0/27       AC:  2    Str: 18    XL:     2   Next: 48%
Magic:  2/2        EV: 11    Int: 11    God:    Ignis [*****.]
Gold:   45         SH:  0    Dex:  5    Spells: 3/3 levels left

rFire   + . .      SeeInvis .   b - +2 dagger (pain)
rCold   . . .      Faith    .   (no shield)
rNeg    . . .      Spirit   .   d - +0 robe
rPois   .          Reflect  .   (helmet restricted)
rElec   .          Harm     .   (no cloak)
rCorr   .          Rampage  .   (no gloves)
Will    .....                   (no boots)
Stlth   +.........              (no amulet)
HPRegen 0.09/turn               (no ring)
MPRegen 0.08/turn               (no ring)

@: no status effects
A: horns 2, retaliatory headbutt
a: Renounce Religion, Fiery Armour, Foxfire Swarm, Rising Flame


You were on level 1 of the Dungeon.
You worshipped Ignis.
Ignis was extremely pleased with you.
You visited 1 branch of the dungeon, and saw 1 of its levels.

You collected 45 gold pieces.

Inventory:

Hand Weapons
 a - a -1 spear of flaming
 b - a +2 dagger of pain (weapon)
   (You took it off a goblin on level 1 of the Dungeon)
Armour
 d - a +0 robe (worn)
Scrolls
 c - a scroll of noise {unknown}
 e - a scroll of blinking {unknown}
 f - a scroll of amnesia {unknown}


   Skills:
 + Level 4.0 Fighting
 + Level 1.0 Short Blades
 + Level 4.1 Polearms
 - Level 1.0 Spellcasting
 - Level 2.1 Fire Magic


You had 3 spell levels left.
You didn't know any spells.
Your spell library contained the following spells:

 Spells                   Type           Power      Damage    Failure   Level
 Scorch                   Fire           10%        2d5       21%         2


Dungeon Overview and Level Annotations

Branches:
Dungeon (1/15)

Altars:


Innate Abilities, Weirdness & Mutations

You have a pair of horns on your head.
You reflexively headbutt those who attack you in melee.


Message History

You hit the endoplasm but do no damage. The endoplasm freezes you.
You are frozen.
You hit the endoplasm but do no damage. You headbutt the endoplasm.
The endoplasm is heavily wounded.
The endoplasm freezes you.
You are frozen.
You hit the endoplasm.
You kill the endoplasm!
A ball python and a kobold come into view.
The ball python hisses angrily.
The kobold shouts!
You hear a shout!
The kobold throws a stone.
The stone barely misses you.
Unknown command.
You barely miss the ball python.
The ball python bites you but does no damage.
The ball python grabs you. The ball python constricts you.
You escape the ball python's grasp.
The ball python attacks as you move away!
The ball python barely misses you. The ball python misses you.
You barely miss the ball python. Your headbutt misses the ball python.
The ball python bites you. The ball python barely misses you.
You hit the ball python.
The ball python is heavily wounded.
The ball python closely misses you. The ball python barely misses you.
You barely miss the ball python. Your headbutt misses the ball python.
The ball python is heavily wounded.
The ball python completely misses you. The ball python barely misses you.
You closely miss the ball python. Your headbutt misses the ball python.
The ball python is heavily wounded.
The ball python bites you. The ball python grabs you.
The ball python constricts you.
The ball python bites you but does no damage.
The ball python constricts you.
You hit the ball python.
You kill the ball python!
A hobgoblin comes into view.
The hobgoblin shouts!
The kobold misses you. You furiously retaliate!
You headbutt the kobold.
You kill the kobold!
Your Fighting skill increases to level 4!
You start resting.
A hobgoblin is nearby!
The hobgoblin barely misses you.
You closely miss the hobgoblin.
The hobgoblin hits you but does no damage.
You barely miss the hobgoblin. The hobgoblin misses you.
You furiously retaliate!
You headbutt the hobgoblin!
You kill the hobgoblin!
You see here a hobgoblin corpse.
Things that are here:
a +0 dagger; 4 stones; a kobold corpse A ball python comes into view.
The ball python hisses angrily.
You hit the ball python.
You kill the ball python!
You see here a ball python corpse.
HP restored.
You open the door.
Found a rapier.
There is an open door here.
Unknown command.
f - a scroll labelled CIAT OPISUAH As you open the door, it creaks loudly!
There is an open door here.
An endoplasm comes into view.
The endoplasm quivers.
The endoplasm freezes you.
You are frozen.
You hit the endoplasm.
You kill the endoplasm!
A ball python and a kobold come into view.
The kobold shouts!
Found a fuming clear potion and 16 stones.
Found a pair of boots.
An endoplasm comes into view.
The kobold hits you with a +4 short sword!
The kobold closely misses you.
The ball python bites you but does no damage.
The ball python grabs you. The ball python constricts you.
You escape the ball python's grasp.
The ball python attacks as you move away!
The ball python bites you.
The ball python attacks as you move away!
The ball python bites you. The ball python closely misses you.
You hit the ball python but do no damage.
The ball python misses you. The ball python grabs you.
The ball python constricts you.
You hit the ball python.
You kill the ball python!
Your Short Blades skill increases to level 1!
You hit the kobold but do no damage.
The kobold hits you with a +4 short sword!
* * * LOW HITPOINT WARNING * * *
You hit the kobold but do no damage. Your headbutt misses the kobold.
The kobold closely misses you. You furiously retaliate!
You headbutt the kobold, but do no damage.
Unknown command.
You closely miss the kobold.
The kobold hits you with a +4 short sword!
You die...

###### ####### #....# ##.....# .
#....# #######......#
[...######....######....##......#
..............JK@..'....'........
........#......#####....##.######
........#......# #....##.#
#......!#......# #....##.#
#.......######## #....##.######
#.#.(...# #.)..##.#..... #
#..J..# #######.#.#... #.....#
#.#.#... #######...#...


You could see an endoplasm and a kobold.

Vanquished Creatures
  A dart slug (D:1)
  4 ball pythons (D:1)
  A bat (D:1)
  2 endoplasms (D:1)
  2 goblins (D:1)
  2 hobgoblins (D:1)
  A kobold (D:1)
13 creatures vanquished.

Notes
Turn   | Place    | Note
-------+----------+-------------------------------------------
     0 | D:1      | magipi the Minotaur Cinder Acolyte began the quest for the
                  | Orb.
     0 | D:1      | Reached XP level 1. HP: 19/19 MP: 1/1
   211 | D:1      | Reached XP level 2. HP: 23/27 MP: 2/2
   489 | D:1      | Reached skill level 1 in Short Blades
   491 | D:1      | Slain by a kobold

Illustrated notes

Levels and vault maps discovered:
D:1:      giann_bridges, layout_basic

Skill      XL: |  1  2 |
---------------+-------+-----
Polearms       | 4 |  4.1
Fighting       | 4 |  4.0
Short Blades   | 1 |  1.0
Spellcasting   | |  1.0
Fire Magic     | |  2.1

Action                   || total
-------------------------++-------
Melee: Dagger            ||    34
       Headbutt          ||     5
       Spear             ||     2
       Punch             ||     1
Armor: Robe              ||     6
Dodge: Dodged            ||    27

Table legend: (Time is in decaauts)
 A = Elapsed time spent in this place.
 B = Non-inter-level travel time spent in this place.
 C = Inter-level travel time spent in this place.
 D = Time resting spent in this place.
 E = Time spent auto-exploring this place.
 F = Levels seen in this place.
 G = Mean time per level.
                   A        B        C        D        E       F      G
               +--------+--------+--------+--------+--------+-----+--------+
         Total |    489 |    489 |      0 |      5 |    299 |   1 |  489.0 |
       Dungeon |    489 |    489 |      0 |      5 |    299 |   1 |  489.0 |
               +--------+--------+--------+--------+--------+-----+--------+

Top non-repeatable levels by time:
     D:1: 489 daAuts
